 Dungeon Sprint DCSS version 0.21-a0-414-gba8bdf1 (webtiles) character file.

1600 Kidiri the Martial Artist (level 8, -3/71 HPs)
             Began as a Grey Draconian Transmuter on Nov 2, 2017.
             Was an Elder of Wu Jian.
             Slain by a deep troll (16 damage)
             ... in the Dungeon (Sprint VII: "The Pits").
             The game lasted 00:06:31 (956 turns).

Kidiri the Martial Artist (DrTm)                     Turns: 956, Time: 00:06:32

Health: -3/71      AC: 12    Str: 13    XL:     8   Next: 62%
Magic:  16/20      EV: 19    Int: 17    God:    Wu Jian [****..]
Gold:   0          SH:  0    Dex: 13    Spells: 8/23 levels left

rFire    . . .     SeeInvis .     - Unarmed
rCold    . . .     Gourm    .   (no shield)
rNeg     . . .     Faith    .   (armour unavailable)
rPois    .         Spirit   .   (helmet restricted)
rElec    .         Reflect  .   (no cloak)
rCorr    .         Harm     .   (no gloves)
MR       .....     NoTele   +   v - +0 pair of boots
Stlth    +++.......             (no amulet)
HPRegen  0.21/turn              r - +3 ring of intelligence
MPRegen  0.17/turn              s - +3 ring of evasion

@: barbed spikes, starving, serpent's lash
A: walk through water, unfitting armour, unbreathing, cold-blooded, AC +11
a: Serpent's Lash, Renounce Religion


You were in the Dungeon.
You worshipped Wu Jian.
Wu Jian was greatly pleased with you.
You were starving.

You visited 1 branch

Inventory:

Missiles
 a - 73 arrows
 j - 11 stones (quivered)
Armour
 v - a +0 pair of boots (worn)
Jewellery
 r - a +3 ring of intelligence (left hand)
 s - a +3 ring of evasion (right hand)
Scrolls
 i - a scroll of blinking
 l - 3 scrolls of remove curse
 m - 5 scrolls of amnesia
 n - a scroll of summoning
Potions
 d - 8 potions of curing
 e - 5 potions of heal wounds
 f - 2 potions of haste
 g - 4 potions of magic
 h - 5 potions of berserk rage
 k - 2 potions of invisibility
 t - a potion of brilliance
 u - a potion of resistance
Books
 b - a book of Changes

   Spells                             Type                      Level
   a - Beastly Appendage              Transmutation                1
   b - Sticks to Snakes               Transmutation                2
   c - Spider Form                    Transmutation/Poison         3
   d - Ice Form                       Ice/Transmutation            4
   e - Blade Hands                    Transmutation                5
Comestibles
 c - 8 bread rations
 o - 40 fruits
 p - 7 meat rations
 q - 5 chunks of flesh


   Skills:
 + Level 6.6 Fighting
 * Level 8.0 Dodging
 + Level 5.8 Stealth
 * Level 9.1 Unarmed Combat
 * Level 8.1 Spellcasting
 + Level 6.3 Transmutations
 + Level 5.0 Ice Magic
 + Level 5.1 Poison Magic


You had 8 spell levels left.
You knew the following spells:

 Your Spells              Type           Power        Failure   Level  Hunger
a - Beastly Appendage     Tmut           ####..       1%          1    None
b - Sticks to Snakes      Tmut           ####....     1%          2    None
c - Spider Form           Tmut/Pois      ####......   3%          3    #......
d - Ice Form              Ice/Tmut       ####....     10%         4    ###....
e - Blade Hands           Tmut           ####......   22%         5    #####..


Dungeon Overview and Level Annotations

Branches:
Dungeon (1/1)

Altars:
Ashenzari
Cheibriados
Dithmenos
Elyvilon
Fedhas
Gozag
Hepliaklqana
Kikubaaqudgha
Makhleb
Nemelex Xobeh
Okawaru
Qazlal
Ru
Sif Muna
Trog
Uskayaw
Vehumet
Wu Jian
Xom
Yredelemnul
Zin
The Shining One
Beogh
Jiyva
Lugonu

Annotations:
D exclusions: 4 doors and 4 more exclusions


Innate Abilities, Weirdness & Mutations

You can walk through water.
Your dull iron-grey scales are very hard. (AC +11)
You cannot fit into any form of body armour.
You can survive without breathing.
You are cold-blooded and may be slowed by cold attacks.


Message History

You closely miss the hungry ghost.
The hungry ghost is heavily damaged.
The hungry ghost closely misses you. The hellwing barely misses you.
The hellwing misses you.
The kobold demonologist hits you but does no damage.
The deep troll bites you!!
* * * LOW HITPOINT WARNING * * *
The deep troll completely misses you. The deep troll claws you.
* * * LOW HITPOINT WARNING * * *
Unknown command.
You feel much better.
Your hands revert to their normal proportions.
The manticore bites you.
* * * LOW HITPOINT WARNING * * *
The manticore barely misses you. The manticore claws you.
* * * LOW HITPOINT WARNING * * *
The hungry ghost barely misses you. The hellwing barely misses you. x2
The kobold demonologist looks satisfied for a moment.
The deep troll completely misses you. The deep troll claws you!
You die...

.#))#####+#####''######
##))##.......##''#
.#))##.......##..##
.#[[##.......##...##
##+###...<...###...##+##.
....##.......# ##........
....##.......###..###+###
######.......##TW##o....
##..###########4@K4o....
.#)############.H##.....
##)#....#..[.###.. +##
.#+#)...#..[[# ##..
##.+.)..+..))# ..#
.#+#....#..))# .##
.+.#....#..))# ##
##############


You could see a deep troll, a manticore, a hellwing, an ice devil, a kobold
demonologist, a hungry ghost, an orc priest and an orc.

Vanquished Creatures
  A deep elf mage (D)
  A redback (D)
  A wyvern (D)
  2 floating eyes (D)
  A porcupine (D)
  A sky beast (D)
  A small abomination (D)
  An ogre (D)
  3 centaurs (D)
  2 orc priests (D)
  A jelly (D)
  An iguana (D)
  A mummy (D)
  2 orcs (D)
  2 bats (D)
  A bat skeleton (D)
  A kobold (D)
  A quokka (D)
  A frilled lizard (D)
  A rat (D)
26 creatures vanquished.

Vanquished Creatures (others)
  A quokka (D)
1 creature vanquished.

Grand Total: 27 creatures vanquished

Notes
Turn   | Place    | Note
-------+----------+-------------------------------------------
     0 | D        | Kidiri the Draconian Transmuter began the quest for the Orb.
     0 | D        | Reached XP level 1. HP: 16/16 MP: 3/3
    68 | D        | Found a bloodstained altar of Trog.
    68 | D        | Found a deep blue altar of Sif Muna.
    68 | D        | Found a viscous altar of Jiyva.
    68 | D        | Found a hazy altar of Hepliaklqana.
    68 | D        | Found an opulent altar of Gozag.
    69 | D        | Found a glowing golden altar of the Shining One.
    69 | D        | Found a glowing silver altar of Zin.
    69 | D        | Found a basalt altar of Yredelemnul.
    69 | D        | Found a shimmering altar of Xom.
    69 | D        | Found an ornate altar of the Wu Jian Council.
    69 | D        | Found a sacrificial altar of Ru.
    69 | D        | Found a stormy altar of Qazlal.
    69 | D        | Found an iron altar of Okawaru.
    69 | D        | Found a sparkling altar of Nemelex Xobeh.
    69 | D        | Found a burning altar of Makhleb.
    69 | D        | Found a blossoming altar of Fedhas.
    69 | D        | Found a white marble altar of Elyvilon.
    69 | D        | Found a shadowy altar of Dithmenos.
    69 | D        | Found a snail-covered altar of Cheibriados.
    71 | D        | Found a radiant altar of Vehumet.
    71 | D        | Found a corrupted altar of Lugonu.
    71 | D        | Found a roughly hewn altar of Beogh.
    73 | D        | Found an ancient bone altar of Kikubaaqudgha.
    73 | D        | Found a hide-covered altar of Uskayaw.
    73 | D        | Found a shattered altar of Ashenzari.
    80 | D        | Became a worshipper of the Wu Jian Council
    96 | D        | Noticed a floating eye
    98 | D        | Paralysed by a floating eye for 4 turns
   103 | D        | Killed a floating eye
   103 | D        | Reached skill level 5 in Unarmed Combat
   103 | D        | Reached XP level 2. HP: 26/26 MP: 2/7
   103 | D        | Reached XP level 3. HP: 31/31 MP: 2/8
   103 | D        | Reached XP level 4. HP: 38/38 MP: 2/10
   168 | D        | Learned a level 2 spell: Sticks to Snakes
   172 | D        | Learned a level 3 spell: Spider Form
   177 | D        | Learned a level 4 spell: Ice Form
   181 | D        | Noticed a floating eye
   183 | D        | Paralysed by a floating eye for 3 turns
   186 | D        | Killed a floating eye
   186 | D        | Reached * piety under Wu Jian
   186 | D        | Reached skill level 5 in Spellcasting
   186 | D        | Reached skill level 1 in Ice Magic
   186 | D        | Reached skill level 1 in Poison Magic
   186 | D        | Reached XP level 5. HP: 46/46 MP: 8/12
   226 | D        | Reached ** piety under Wu Jian
   234 | D        | Reached skill level 5 in Dodging
   234 | D        | Reached skill level 6 in Unarmed Combat
   302 | D        | Noticed an ogre
   304 | D        | Noticed a deep elf mage
   308 | D        | Killed an ogre
   308 | D        | Reached XP level 6. HP: 52/53 MP: 10/14
   314 | D        | HP: 2/53 [battlesphere[a deep elf mage] (9)]
   320 | D        | Killed a deep elf mage
   320 | D        | Reached *** piety under Wu Jian
   320 | D        | Reached skill level 5 in Fighting
   320 | D        | Reached skill level 7 in Unarmed Combat
   320 | D        | Reached skill level 5 in Transmutations
   320 | D        | Your scales start taking on a dull iron-grey colour.
   320 | D        | Reached XP level 7. HP: 23/61 MP: 13/17
   320 | D        | Gained mutation: You can survive without breathing. [Grey Draconian growth]
   540 | D        | Learned a level 5 spell: Blade Hands
   544 | D        | Reached **** piety under Wu Jian
   544 | D        | Reached skill level 5 in Stealth
   544 | D        | Reached skill level 8 in Unarmed Combat
   546 | D        | Noticed a redback
   549 | D        | Killed a redback
   554 | D        | Reached XP level 8. HP: 39/70 MP: 14/19
   558 | D        | Reached ***** piety under Wu Jian
   942 | D        | Noticed a deep troll
   943 | D        | Reached skill level 9 in Unarmed Combat
   943 | D        | Reached skill level 5 in Ice Magic
   943 | D        | Reached skill level 5 in Poison Magic
   945 | D        | Noticed a manticore
   946 | D        | Noticed a kobold demonologist
   946 | D        | Noticed a hellwing
   952 | D        | Noticed an ice devil
   955 | D        | HP: 3/71 [deep troll (19)]
   955 | D        | HP: 1/71 [deep troll (2)]
   956 | D        | Slain by a deep troll

Vault maps used:
D:        pitsprint

Skill      XL: |  1  2  3  4  5  6  7  8 |
---------------+-------------------------+-----
Dodging        | 4 5 6 7 8 |  8.0
Fighting       | 3 4 5 6 |  6.6
Stealth        | 2 3 4 5 |  5.8
Unarmed Combat | 5 6 7 8 9 |  9.1
Spellcasting   | 4 5 6 7 8 |  8.1
Transmutations | 3 4 5 6 |  6.3
Ice Magic      | 1 2 3 4 5 |  5.0
Poison Magic   | 1 2 3 4 5 |  5.1

Action                   |  1- 3 |  4- 6 |  7- 9 || total
-------------------------+-------+-------+-------++-------
Melee: Unarmed           |     4 |    36 |    40 ||    80
       Kick              |     2 |     1 |       ||     3
       Tailslap          |     1 |       |     1 ||     2
 Cast: Beastly Appendage |     2 |       |       ||     2
       Spider Form       |       |     3 |       ||     3
       Blade Hands       |       |       |     3 ||     3
       Ice Form          |       |       |     1 ||     1
Invok: Serpent's Lash    |       |       |     1 ||     1
       Heavenly Storm    |       |       |     1 ||     1
  Use: Potion            |       |     1 |     4 ||     5
 Stab: Distracted        |       |     1 |       ||     1
       Sleeping          |       |       |     3 ||     3
  Eat: Chunk             |       |       |     1 ||     1
Armor: Skin              |     4 |     2 |    13 ||    19
Dodge: Dodged            |     1 |    32 |    57 ||    90

Table legend:
 A = Spawn XP
 B = Non-spawn XP
 C = Spawn XP percentage of total XP
 D = Spawn monster count
 E = Non-spawn monster count
 F = Spawn count percentage of total count
 G = Total turns spent on level
                    A         B        C        D         E        F      G
               +---------+---------+-------+---------+---------+-------+---------
         Total |       0 |    2286 |   0.0 |       0 |      27 |   0.0 |   956
               +---------+---------+-------+---------+---------+-------+---------
             D |       0 |    2286 |   0.0 |       0 |      27 |   0.0 |   956
               +---------+---------+-------+---------+---------+-------+---------
